Description

Hydra Ling Bane into Spire Transition

A standard ZvP opener from Serral. Heavy emphasis on light units, so watch out for colossi and adjust spire timing as necessary based on the game. If the opponent is not macroing, make sure you adjust accordingly.

This is rated a little more difficult because engages vs heavy chargelot armies are rough. It requires better positioning because hydralisks are expensive and slow, and because zerglings have to be out on the map and aggressive.

Replay - Neeblet v Serral: Game 3 - Eternal Empire LE

Build Order

Get SALT Encoding   

  12  0:00  Drone  
  13  0:12  Overlord  
  13  0:16  Drone  
  14  0:30  Drone x2  
  16  0:48  Hatchery  
  15  0:51  Drone x2  
  17  0:58  Drone  
  18  1:08  Extractor  
  17  1:13  Spawning Pool  
  17  1:16  Drone x2  
  18  1:28  Drone  
  19  1:38  Drone  
  20  1:48  Drone  
  21  1:59  Overlord  
  21  2:00  Queen x2  
  25  2:02  Zergling x2  
  26  2:10  Drone x2  
  26  2:14  Metabolic Boost  
  28  2:22  Drone x2  
  30  2:33  Drone x2  
  30  2:35  Queen x2  
  36  2:45  Overlord x2  
  36  3:04  Zergling x2  
  36  3:05  Drone x7  
  40  3:11  Drone x2  
  46  3:18  Lair  
  46  3:20  Extractor  
  46  3:23  Drone  
  46  3:28  Overlord  
  46  3:38  Hatchery  
  46  3:40  Drone x2  
  47  3:45  Overlord  
  47  3:47  Zergling x2, Extractor  
  47  3:48  Drone x3  
  51  3:55  Drone x3  
  51  3:57  Spore Crawler  
  52  4:03  Drone x3  
  55  4:12  Zergling x4  
  55  4:15  Hydralisk Den  
  56  4:18  Zergling x4  
  56  4:22  Drone x2  
  60  4:26  Evolution Chamber  
  60  4:27  Overlord  
  60  4:29  Spore Crawler  
  60  4:30  Drone x2  
  60  4:40  Overlord  
  60  4:43  Extractor  
  59  4:46  Drone x5  
  59  4:51  Muscular Augments  
  64  4:53  Drone x4  
  64  4:59  Drone x3  
  71  5:04  Overlord  
  71  5:07  Drone x2  
  71  5:10  Spore Crawler  
  71  5:11  Zerg Melee Weapons Level 1  
  71  5:13  Drone  
  73  5:18  Drone x3  
  73  5:19  Overseer  
  75  5:26  Extractor  
  74  5:29  Drone  
  74  5:34  Queen  
  74  5:35  Drone x5  
  79  5:36  Hatchery  
  79  5:41  Drone x2  
  83  5:46  Baneling Nest, Overlord  
  82  5:51  Overlord  
  82  5:54  Hydralisk x2  
  86  5:57  Overlord x3  
  86  6:03  Hydralisk x3  
  91  6:13  Extractor, Hydralisk x3  
  96  6:18  Hydralisk x2  
  96  6:21  Zergling x4  
  102  6:27  Zergling x12  
  102  6:32  Grooved Spines  
  107  6:34  Hydralisk x2  
  107  6:36  Baneling x5  
  107  6:39  Drone x5  
  112  6:44  Baneling x4  
  112  6:45  Drone x4  
  119  6:52  Extractor  
  119  6:54  Spire  
  119  6:56  Drone x5  
  119  7:01  Overlord x2  
  123  7:09  Overlord  
  123  7:11  Drone x4  
  127  7:16  Hydralisk  
  127  7:19  Overlord x2  
  127  7:22  Hydralisk x6  
  138  7:33  Drone  
  138  7:34  Overlord x2  
  139  7:45  Drone x3  
  140  8:02  Overlord  
  140  8:07  Mutalisk x13  
  140  8:12  Hatchery  
  164  8:14  Mutalisk x2  
  164  8:18  Zergling x6  
  171  8:23  Zergling x12  
  177  8:27  Overlord  
  177  8:35  Zergling x22  
  193  8:53  Infestation Pit  
Spawning Tool Build Advisor. Get it on Overwolf

Analysis

This should be a solid build order for people who are struggling in ZvP. Relatively safe, good macro, options for teching out. Serral Endorsed!

Go to:

Details

  • Created by: Texturace
  • Published on: May 15, 2020
  • Modified on: Jun 15, 2020
  • Patch: 4.11.0
  • Difficulty: Hard
Show
View Real Time Build Order
Export as new Build Order

Comments (0)

There are no comments. Be the first!

Create an account to comment!